 Dungeon Crawl Stone Soup version 0.14-a0-1974-gdb6e453 (webtiles) character file.

133 Kae the Sneak (level 3, 0/16 HPs)
             Began as a Spriggan Enchanter on Jan 17, 2014.
             Slain by an adder (4 damage)
             ... on Level 2 of the Dungeon.
             The game lasted 00:01:07 (1327 turns).

Kae the Sneak (Spriggan Enchanter)                  Turns: 1327, Time: 00:01:08

HP   0/16        AC  3     Str  5      XL: 3   Next: 10%
MP   2/9         EV 18     Int 16      God:
Gold 101         SH  0     Dex 16      Spells:  2 memorised,  4 levels left

rFire  . . .     SeeInvis +     a - +1 dagger
rCold  . . .     Clarity  .     b - +1 robe
rNeg   . . .     Conserve .     (shield restricted)
rPois  .         rCorr    .     (helmet restricted)
rElec  .         rRot     .     (no cloak)
SustAb . .       Spirit   .     (gloves unavailable)
rMut   .         Warding  .     (boots unavailable)
Saprov . . .     Stasis   .     (no amulet)
MR     .....                    (no ring)
                                (no ring)

@: very slightly contaminated, very quick, not resistant to hostile
enchantments, quite stealthy
A: unfitting armour, see invisible, herbivore 3, speed 3, slow metabolism 2
a: no special abilities


You were on level 2 of the Dungeon.
You were not hungry.

You visited 1 branch of the dungeon, and saw 2 of its levels.

You collected 101 gold pieces.

Inventory:

Hand weapons
 a - a +1,+1 dagger (weapon)
Missiles
 d - 12 darts (quivered)
Armour
 b - a +1 robe (worn)
Scrolls
 h - 3 scrolls of teleportation {unknown}
 i - a scroll of enchant armour {unknown}
 j - a scroll of random uselessness {unknown}
 k - 2 scrolls of remove curse {unknown}
Potions
 e - a potion of porridge
 f - a potion of speed {unknown}
 g - 3 potions of curing {unknown}
Books
 c - a book of Maledictions

   Spells                             Type                      Level
   *Corona                            Hexes                        1
   Sure Blade                         Hexes/Charms                 2
   *Ensorcelled Hibernation           Hexes/Ice                    2
   Confuse                            Hexes                        3
   Enslavement                        Hexes                        4
   Invisibility                       Hexes                        6


   Skills:
 * Level 2.1 Short Blades
 - Level 1.1 Throwing
 - Level 3.0 Dodging
 * Level 4.0 Stealth
 + Level 2.9 Spellcasting
 + Level 3.9 Hexes


You had 4 spell levels left.
You knew the following spells:

 Your Spells              Type           Power        Failure   Level  Hunger
a - Corona                Hex            ###....      4%          1    #......
b - Ensorcelled Hibernat  Hex/Ice        #.....       14%         2    ##.....


Dungeon Overview and Level Annotations

Branches:
Dungeon (2/16)

Altars:


Innate Abilities, Weirdness & Mutations

You are tiny and cannot use many weapons and most armour.
You have supernaturally acute eyesight.
You are a herbivore.
You cover ground extremely quickly.
You need consume almost no food.


Message History

Aim: an adder (moderately wounded)
You miscast Ensorcelled Hibernation.
You are very lightly contaminated with residual magic.
Multicoloured lights dance before your eyes!
The adder closely misses you.
Casting: Ensorcelled Hibernation
Confirm with . or Enter, or press ? or * to list all spells.
Aiming: Ensorcelled Hibernation
Press: ? - help, Shift-Dir - straight line, f/p - adder
Aim: an adder (moderately wounded)
You miscast Ensorcelled Hibernation.
Frost covers your body. The adder misses you.
Casting: Ensorcelled Hibernation
Confirm with . or Enter, or press ? or * to list all spells.
Aiming: Ensorcelled Hibernation
Press: ? - help, Shift-Dir - straight line, f/p - adder
Aim: an adder (moderately wounded)
You miscast Ensorcelled Hibernation.
You feel a strange surge of energy! The adder misses you. The adder bites you.
You die...

#.....'.##.#####.#..%.....
#+########.# #.##.######
#.# #.##.# #.#####.##.#
#..........# .
#####.).#####.# ...
#<.##...# #.# ...
#...#...# #.. #..
#.@#...#+ #..
#...###S....###.
#.hh...........
#........8.......
#...S............
#.#.###.....###. #..#
.#...#.. ... ..#...#.. ..
.##...#


You could see an adder.

Vanquished Creatures
  An adder (D:2)
  An ooze (D:1)
  2 bats (D:1)
  A giant cockroach (D:2)
  3 hobgoblins
  A jackal (D:2)
  2 kobolds
  A giant newt (D:1)
  5 goblins
  A quokka (D:2)
  5 rats
23 creatures vanquished.

Notes
Turn   | Place    | Note
--------------------------------------------------------------
     0 | D:1      | Kae, the Spriggan Enchanter, began the quest for the Orb.
     0 | D:1      | Reached XP level 1. HP: 9/9 MP: 4/4
   288 | D:1      | Reached XP level 2. HP: 7/13 MP: 7/7
   392 | D:1      | Learned a level 2 spell: Ensorcelled Hibernation
   984 | D:2      | Reached skill level 4 in Stealth
  1299 | D:2      | Reached XP level 3. HP: 16/16 MP: 9/9
  1327 | D:2      | Slain by an adder

Action                   || total
-------------------------++-------
Melee: Dagger            ||    83
 Cast: Corona            ||     1
       Ensorcelled Hiber ||     3
 Stab: Sleeping          ||     6
